 Dungeon Crawl Stone Soup version 0.31-a0-236-g9a0961fb85 (webtiles) character file.

Game seed: 5577894213330814690

91 qw the Shooter (level 4, -4/26 HPs)
             Began as a Gargoyle Hexslinger on July 10, 2023.
             Killed by divine providence
             ... invoked by an orc priest
              (13 damage)
             ... on level 3 of the Dungeon.
             The game lasted 00:00:41 (1853 turns).

qw the Shooter (Gargoyle Hexslinger)                Turns: 1853, Time: 00:00:42

Health: -4/26      AC: 12    Str: 11    XL:     4   Next: 59%
Magic:  5/5        EV: 10    Int: 16    God:
Gold:   135        SH:  0    Dex: 18    Spells: 4/5 levels left

rFire   + . .        Y - +1 sling
rCold   + . .        (no shield)
rNeg    + . .        d - +0 ring mail
rPois   inf          (no helmet)
rElec   +            a - +0 cloak
rCorr   .            e - +2 pair of gloves "Usiocliu" {rElec rF+ rC+ Int+2 Dex+4}
SInv    .            (no boots)
Will    .....        (no amulet)
Stlth   +            (no ring)
HPRegen 0.24/turn    (no ring)
MPRegen 0.09/turn

%: no passive effects
@: no status effects
A: sickness immunity, AC +3, negative energy resistance 1, electricity
resistance, torment resistance 1, petrification resistance
a: no special abilities


You were on level 3 of the Dungeon.
You visited 1 branch of the dungeon, and saw 3 of its levels.

You collected 135 gold pieces.


Innate Abilities, Weirdness & Mutations

You are immune to sickness and miasma.
Your stone body is resilient. (AC +3)
You are immune to poison.
You resist negative energy. (rN+)
You are resistant to electric shocks. (rElec)
You are resistant to unholy torment.
You are immune to petrification.


   Skills:
 - Level 2.0 Fighting
 - Level 4.3 Ranged Weapons
 + Level 0.5 Armour
 - Level 1.5 Dodging
 - Level 1.0 Spellcasting
 - Level 2.6 Hexes


You had 4 spell levels left.
You knew the following spells:

 Your Spells              Type           Power      Damage    Failure   Level
a - Slow                  Hex            36%        N/A       19%         1

Your spell library contained the following spells:

 Spells                   Type           Power      Damage    Failure   Level
 Inner Flame              Hex/Fire       5%         N/A       67%         3
 Portal Projectile        Hex/Tloc       10%        N/A       67%         3
 Cause Fear               Hex            4%         N/A       88%         4

Inventory:

Hand Weapons
 Y - a +1 sling (weapon)
Armour
 a - a +0 cloak (worn)
 d - a +0 ring mail (worn)
 e - the +2 pair of gloves "Usiocliu" (worn) {rElec rF+ rC+ Int+2 Dex+4}
   (You found it on level 2 of the Dungeon)

   Int:       It affects your intelligence (+2).
   Dex:       It affects your dexterity (+4).
   rF:        It protects you from fire.
   rC:        It protects you from cold.
   rElec:     It insulates you from electricity.
Scrolls
 b - a scroll of enchant weapon {unknown}
 f - a scroll of teleportation
 h - a scroll of identify
Potions
 g - a potion of enlightenment
 i - a potion of might {unknown}

Dungeon Overview and Level Annotations

Branches:
Dungeon (3/15)

Altars:

Annotations:
D:2 1 runed translucent door, Crazy Yiuf


Message History

You shoot a sling bullet. The sling bullet hits the bat.
You kill the bat!
You hear a shout!
An orc priest comes into view. It is wielding a +0 hand axe.
You shoot a sling bullet. The sling bullet hits the orc.
The orc is heavily wounded.
An orc comes into view. It is wielding a +0 whip.
You shoot a sling bullet. The sling bullet barely misses the orc.
The orc hits you with a +0 whip.
The orc priest mumbles some strange prayers to Beogh against you.
Pain shoots through your body!
You shoot a sling bullet. The sling bullet hits the orc!
You kill the orc!
You shoot a sling bullet. The sling bullet hits the orc priest!
The orc priest is heavily wounded.
A goblin comes into view. It is wielding a +0 dagger.
The orc closely misses you. The orc priest closely misses you.
You shoot a sling bullet.
The sling bullet completely misses the orc priest.
The goblin shouts!
The orc hits you but does no damage. The orc priest barely misses you.
You shoot a sling bullet. The sling bullet hits the orc priest.
The orc priest is severely wounded.
An orc comes into view. It is wielding a +0 mace.
The orc hits you with a +0 whip. The orc priest closely misses you.
The orc priest begins to cast a cantrip, but forgets the words!
The orc hits you but does no damage.
You shoot a sling bullet.
The sling bullet closely misses the orc priest.
The orc barely misses you. The orc priest closely misses you.
You shoot a sling bullet. The sling bullet hits the orc priest.
The orc priest is almost dead.
The orc priest hits you but does no damage.
You shoot a sling bullet.
The sling bullet completely misses the orc priest.
The orc hits you with a +0 mace. The orc hits you with a +0 whip.
The orc priest invokes the aid of Beogh against you.
Beogh smites you!
Ouch! That really hurt!
You die...

....>. ....... .
.......... ..
##........## ...
#..........# ....
#..(..<....# .....
#..........###...)).
#...........@og.....
#...........oo......
##..................
#..>..........>.#...
###.............#.# ..
###.................#
.
....#)...............
.####..#.........####.
## ...............#


You could see an orc priest, 2 orcs and a goblin.

Vanquished Creatures
  Terence (D:2)
  A gnoll (D:1)
  A dart slug (D:2)
  An orc (D:3)
  3 ball pythons
  An endoplasm (D:2)
  3 giant cockroaches
  6 goblins
  5 hobgoblins
  3 jackals (D:2)
  7 kobolds
  A quokka (D:1)
  8 bats
  3 frilled lizards
  5 rats
49 creatures vanquished.

Notes
Turn   | Place    | Note
-------+----------+-------------------------------------------
     0 | D:1      | qw the Gargoyle Hexslinger began the quest for the Orb.
     0 | D:1      | Reached XP level 1. HP: 12/12 MP: 2/2
     0 | D:1      | 0 ||| qw: Version: 0.3-a-52-g30416fa
     0 | D:1      | 0 ||| qw: Game counter: 4950
     0 | D:1      | 0 ||| qw: Melee chars always use a shield: true
     0 | D:1      | 0 ||| qw: God list: Okawaru
     0 | D:1      | 0 ||| qw: Allow faded altars: false
     0 | D:1      | 0 ||| qw: Do Orc after clearing Dungeon:15 true
     0 | D:1      | 0 ||| qw: Do second Lair branch before Depths: true
     0 | D:1      | 0 ||| qw: Lair rune preference: random
     0 | D:1      | 0 ||| qw: Goals: Normal
     0 | D:1      | 0 ||| PLANNING D:1-11
   254 | D:1      | Reached XP level 2. HP: 16/16 MP: 3/3
   364 | D:1      | Reached skill level 3 in Ranged Weapons
   441 | D:1      | Reached XP level 3. HP: 20/20 MP: 4/4
   803 | D:1      | 803 ||| READING scroll labelled SONEIMA ISHRUFA.
   804 | D:1      | 804 ||| READING 2 scrolls labelled NYEMOUCWE.
   808 | D:1      | 808 ||| READING 3 scrolls labelled CASOGG NILOR.
   809 | D:1      | 809 ||| READING 2 scrolls of identify.
   809 | D:1      | 809 ||| IDENTIFYING bubbling sapphire potion
   810 | D:1      | 810 ||| DROPPING scroll of poison.
   811 | D:1      | 811 ||| DROPPING potion of attraction.
   862 | D:2      | Found a runed translucent door.
   863 | D:2      | Noticed Crazy Yiuf
  1292 | D:2      | Noticed Terence
  1305 | D:2      | Killed Terence
  1306 | D:2      | Reached skill level 4 in Ranged Weapons
  1306 | D:2      | Reached XP level 4. HP: 14/26 MP: 5/5
  1379 | D:2      | Identified the +2 pair of gloves "Usiocliu" {rElec rF+ rC+
                  | Int+2 Dex+4}
  1747 | D:2      | 1747 ||| UPGRADING to +0 cloak.
  1752 | D:2      | 1752 ||| UPGRADING to +0 ring mail.
  1762 | D:2      | 1762 ||| DROPPING +0 robe.
  1763 | D:2      | 1763 ||| UPGRADING to +2 pair of gloves "Usiocliu" {rElec
                  | rF+ rC+ Int+2 Dex+4}.
  1768 | D:2      | 1768 ||| READING scroll labelled READWILOVI.
  1769 | D:2      | 1769 ||| READING scroll labelled CAITSUR LUCHIMM.
  1770 | D:2      | 1770 ||| READING 2 scrolls of identify.
  1770 | D:2      | 1770 ||| IDENTIFYING dark potion
  1853 | D:3      | Killed from afar by an orc priest

Levels and vault maps discovered:
D:1:      minmay_arrival_checkered_box, layout_basic
D:2:      layout_loops_ring, uniq_crazy_yiuf_cottage, uniq_terence
D:3:      kennysheep_the_goblin_king, layout_rooms, minmay_lizard_king

Skill      XL: |  1  2  3 |
---------------+----------+-----
Ranged Weapons | 3 4 |  4.3
Fighting       | 2 |  2.0
Armour         | |  0.5
Dodging        | |  1.5
Spellcasting   | |  1.0
Hexes          | |  2.6

Action                     |  1- 3 |  4- 6 || total
---------------------------+-------+-------++-------
   Fire: Sling             |   129 |    33 ||   162
    Use: Scroll            |     4 |     3 ||     7
 Armour: Robe              |    16 |     2 ||    18
         Ring mail         |       |     7 ||     7
  Dodge: Dodged            |    39 |    10 ||    49

Table legend:
 A = Non-vault XP
 B = Vault XP
 C = Vault XP percentage of total XP
 D = Non-vault monster count
 E = Vault monster count
 F = Vault count percentage of total count
                 A         B        C        D         E       F
            +---------+---------+-------+---------+---------+-------
      Total |      95 |      36 |  27.5 |      48 |       1 |   2.0
            +---------+---------+-------+---------+---------+-------
        D:1 |      44 |       0 |   0.0 |      18 |       0 |   0.0
        D:2 |      42 |      36 |  46.2 |      25 |       1 |   3.8
        D:3 |       9 |       0 |   0.0 |       5 |       0 |   0.0
            +---------+---------+-------+---------+---------+-------
